 Dungeon Crawl Stone Soup version 0.30.0-29-ga12c61a403 (webtiles) character file.

Game seed: 2013657714962106176

36 hawla the Firebug (level 3, -8/26 HPs)
             Began as a Meteoran Fire Elementalist on June 9, 2023.
             Mangled by an orc wizard
             ... wielding a +2 heavy trident
              (16 damage)
             ... on level 4 of the Dungeon.
             The game lasted 00:01:53 (169 turns).

hawla the Firebug (Meteoran Fire Elementalist)       Turns: 169, Time: 00:01:54

Health: -8/26      AC:  2    Str: 12    XL:     3   Next: 82%
Magic:  6/8        EV: 13    Int: 18    God:
Gold:   17         SH:  0    Dex: 15    Spells: 5/8 levels left

rFire   . . .        d - staff of conjuration "Okisch" {Will+ Str+3}
rCold   . . .        (no shield)
rNeg    . . .        a - +0 robe
rPois   .            (no helmet)
rElec   .            (no cloak)
rCorr   .            (no gloves)
SInv    .            (no boots)
Will    +....        (no amulet)
Stlth   +            (no ring)
HPRegen 0.24/turn    (no ring)
MPRegen 0.11/turn

%: no passive effects
@: glowing
A: sense surroundings 1, otherworldly, glowing, explore regen
a: no special abilities


You were on level 4 of the Dungeon.
You visited 1 branch of the dungeon, and saw 4 of its levels.

You collected 17 gold pieces.

Inventory:

Armour
 a - a +0 robe (worn)
Magical Staves
 d - the staff of conjuration "Okisch" (weapon) {Will+ Str+3}
   (You found it on level 3 of the Dungeon)

   [staff of conjuration]

   Base accuracy: +5 Base damage: 5 Base attack delay: 1.2 This weapon's minimum
   attack delay (0.6) is reached at skill level 12.
   Str:       It affects your strength (+3).
   Will:      It increases your willpower.
   It falls into the 'Staves' category.
   It is a one-handed weapon.


   Skills:
 + Level 2.7 Dodging
 - Level 1.4 Stealth
 + Level 3.2 Spellcasting
 + Level 1.5 Conjurations
 + Level 4.6 Fire Magic


You had 5 spell levels left.
You knew the following spells:

 Your Spells              Type           Power      Damage    Failure   Level
a - Foxfire               Conj/Fire      84%        2x1d8     4%          1
b - Scorch                Fire           38%        2d6       3%          2

Your spell library contained the following spells:

 Spells                   Type           Power      Damage    Failure   Level
 Inner Flame              Hex/Fire       11%        N/A       19%         3
 Volatile Blastmotes      Fire/Tloc      22%        2d11      19%         3
 Flame Wave               Conj/Fire      21%        2d8       41%         4
 Vhi's Electric Charge    Tloc/Air       4%         N/A       43%         3
 Arcjolt                  Conj/Air       4%         1d14      97%         5
 Plasma Beam              Fire/Air       5%         2x1d17    100%        6


Dungeon Overview and Level Annotations

Branches:
Dungeon (4/15) Zot: 2230
 Temple: D:4-7

Altars:


Innate Abilities, Weirdness & Mutations

You passively map a small area around you.
You are easily found by Zot.
You glow in the dark.
You regain HP and MP as you explore.


Message History

An orc wizard comes into view. It is wielding a +2 heavy trident.
Something hits you but does no damage.
You hit something but do no damage. The orc wizard casts a spell at you.
You hear some strange, mumbled words.
A puff of flame appears from out of thin air!
The puff of flame hits you!
You miss something. Something hits you but does no damage.
Casting: Foxfire (safe; 4% risk of failure)
Confirm with . or Enter, or press ? or * to list all spells.
You feel a surge of power!
You conjure some foxfire!
The orc wizard casts a spell at you.
The magic dart hits something.
Reactivating autopickup.
You feel a bit more experienced.
An orc wizard comes into view. It is wielding a +0 dagger.
The foxfire hits the orc wizard.
The orc wizard is lightly wounded.
Items here: )) [ ††.
Found a murky purple potion.
The foxfire hits the orc wizard.
The orc wizard is moderately wounded.
Found a dagger.
The orc wizard points at you and mumbles some strange words.
The puff of flame hits you!
Ouch! That really hurt!
Magic courses through your body. The orc wizard misses you.
Casting: Foxfire (safe; 4% risk of failure)
Confirm with . or Enter, or press ? or * to list all spells.
You don't know that spell.
Casting: Foxfire (safe; 4% risk of failure)
Confirm with . or Enter, or press ? or * to list all spells.
Flames lash the orc wizard.
The orc wizard is heavily wounded.
The orc wizard's fire resistance burns away.
The orc wizard casts a spell.
The orc wizard flickers and vanishes!
Deactivating autopickup; reactivate with Ctrl-A.
The orc wizard hits you with a +2 heavy trident!
Ouch! That really hurt!
You die...

##...#..#, , , ....#..#.
######.#* ,#...#..#.* ,
.....).## #...#..#.
......... ##...#..#.
.#.....!.* , *
.#...#..#.#####.#......#
.......§#.......#......#
*
........##.....##.......
..<#§...†'..).).@{....#
,
.#.#..#.##......o.......
.#....#.######..........
* ..)...#.# #..........
...#..#.#* * #..........
#.....#.# , ,.##########
* , , .<....#.# ,.. , ,
###. .#.# ,... * ,


You could see an orc wizard.

Vanquished Creatures
  An ufetubus (D:3)
  2 orcs (D:4)
  A goblin (D:1)
  A hobgoblin (D:1)
  A kobold (D:1)
  A quokka (D:4)
  2 bats (D:1)
  A rat (D:1)
10 creatures vanquished.

Vanquished Creatures (others)
  An orc wizard (D:4)
  26 foxfires
27 creatures vanquished.

Grand Total: 37 creatures vanquished

Notes
Turn   | Place    | Note
-------+----------+-------------------------------------------
     0 | D:1      | hawla the Meteoran Fire Elementalist began the quest for
                  | the Orb.
     0 | D:1      | Reached XP level 1. HP: 14/14 MP: 5/5
    31 | D:1      | Reached skill level 4 in Fire Magic
    31 | D:1      | Reached XP level 2. HP: 20/20 MP: 0/6
    49 | D:1      | Learned a level 2 spell: Scorch
   119 | D:3      | Identified the staff of conjuration "Okisch" {Will+ Str+3}
   157 | D:4      | Reached XP level 3. HP: 26/26 MP: 0/8
   169 | D:4      | Mangled by an orc wizard

Illustrated notes

Levels and vault maps discovered:
D:1:      dpeg_arrival_chambers_temple_mockup, layout_basic, serial_shops,
          nicolae_shop_rolling_square, hellmonk_ecumenical_altar_run_dry,
          minmay_misc_feat_doors
D:2:      layout_basic, minivault_23
D:3:      layout_basic, xom_teletrap_fun, nrook_mini_backslash, uniq_jessica
D:4:      layout_basic, mainiacjoe_overflow_alcove_1

Skill      XL: |  1  2 |
---------------+-------+-----
Fire Magic     | 4 |  4.6
Spellcasting   | 3 |  3.2
Dodging        | |  2.7
Stealth        | |  1.4
Conjurations   | |  1.5

Action                     || total
---------------------------++-------
  Melee: Unarmed           ||     3
         Staff             ||     4
   Cast: Foxfire           ||    17
         Scorch            ||     1
    Use: Scroll            ||     1
         Potion            ||     1
 Armour: Robe              ||     9
  Dodge: Dodged            ||    13
